 Dungeon Crawl Stone Soup version 0.27.0-1-g7a089689b8 (webtiles) character file.

Game seed: 13832837232381867835

429537 Strat the Executioner (level 22, -20/218 HPs)
             Began as a Deep Dwarf Fighter on Aug 6, 2021.
             Was the Champion of Makhleb.
             Demolished by Jory (25 damage)
             ... on level 4 of the Depths on Aug 7, 2021.
             The game lasted 02:08:54 (32391 turns).

Strat the Executioner (Deep Dwarf Fighter)         Turns: 32391, Time: 02:08:55

Health: -20/218    AC: 45    Str: 26    XL:     22   Next: 49%
Magic:  0/0        EV: 11    Int: 10    God:    Makhleb [******]
Gold:   1259       SH: 16    Dex: 12    Spells: 40/40 levels left

rFire    + + +     SeeInvis .   a - +3 broad axe (elec)
rCold    + . .     Faith    .   x - +2 kite shield
rNeg     + + .     Spirit   .   P - +6 plate armour {rF+}
rPois    .         Reflect  .   r - +2 helmet
rElec    +         Harm     .   j - +2 cloak
rCorr    .         Rampage  .   B - +1 pair of gloves of the Stag {Drain Fly rF+ rC+}
Will     +++..                  U - +2 pair of boots
Stlth    ..........             I - amulet of the acrobat
HPRegen  0.00/turn              o - ring of Vysof {rElec rF+ rN+ Int-3}
MPRegen  0.07/turn              y - ring of the Tortoise {AC+8}

@: flying, mesmerised
A: damage resistance, heal wounds, negative energy resistance 1, sense
surroundings 3, no regeneration
}: 3/15 runes: decaying, silver, gossamer
a: Heal Wounds, Renounce Religion, Minor Destruction, Lesser Servant of Makhleb,
Major Destruction, Greater Servant of Makhleb


You were on level 4 of the Depths.
You worshipped Makhleb.
Makhleb was exalted by your worship.
You visited 8 branches of the dungeon, and saw 41 of its levels.
You visited 1 ziggurat, and saw 1 of its levels.
You also visited: Bailey and Gauntlet.

You collected 7017 gold pieces.
You spent 5758 gold pieces at shops.

Inventory:

Hand Weapons
 a - a +3 broad axe of electrocution (weapon)
 b - the +8 executioner's axe of Faetwur {vorpal, rC+}
   (You bought it in a shop on level 12 of the Dungeon)

   It inflicts extra damage upon your enemies.
   rC:        It protects you from cold.
Missiles
 e - 1063 stones
 v - 213 sling bullets
 w - 10 curare-tipped darts
 R - 10 javelins
Armour
 j - a +2 cloak (worn)
 r - a +2 helmet (worn)
 x - a +2 kite shield (worn)
 B - the +1 pair of gloves of the Stag (worn) {Drain Fly rF+ rC+}
   (You bought it in a shop on level 4 of the Vaults)

   rF:        It protects you from fire.
   rC:        It protects you from cold.
   Fly:       It grants you flight.
   Drain:     It drains your maximum health when unequipped.
 P - a +6 plate armour of fire resistance (worn)
 U - a +2 pair of boots (worn)
Jewellery
 f - a ring of poison resistance
 h - the macabre finger necklace {rN+}
   (You took it off a yaktaur on level 5 of the Vaults)

   [amulet of nothing]

   It enables you to equip an extra ring.
   rN:        It protects you from negative energy.
 i - a ring of willpower
 l - a +4 ring of slaying
 m - a ring of the Octopus King {Fly AC+1 EV+1 Str+1 Int+1 Dex+1}
   (You found it on level 2 of the Depths)

   [ring of flight]

   AC:        It affects your AC (+1).
   EV:        It affects your evasion (+1).
   Str:       It affects your strength (+1).
   Int:       It affects your intelligence (+1).
   Dex:       It affects your dexterity (+1).
   Fly:       It grants you flight.
 o - the ring of Vysof (left hand) {rElec rF+ rN+ Int-3}
   (You took it off an ironbound convoker on level 5 of the Vaults)

   [ring of protection from fire]

   Int:       It affects your intelligence (-3).
   rF:        It protects you from fire.
   rElec:     It insulates you from electricity.
   rN:        It protects you from negative energy.
 p - the ring of Viwyl {Fly rPois Stlth+}
   (You took it off a hell knight on level 3 of the Depths)

   [ring of flight]

   rPois:     It protects you from poison.
   Fly:       It grants you flight.
   Stlth:     It makes you more stealthy.
 q - the ring of Ceis Zautoty {rN+ rCorr Dex-4 Slay+4 SInv}
   (You found it on level 4 of the Dungeon)

   [ring of resist corrosion]

   Dex:       It affects your dexterity (-4).
   Slay:      It affects your accuracy & damage with ranged weapons and melee
   (+4).
   rN:        It protects you from negative energy.
   SInv:      It lets you see invisible.
   rCorr:     It protects you from acid and corrosion.
 y - the ring of the Tortoise (right hand) {AC+8}
   (You bought it in a shop on level 3 of the Depths)

   [ring of protection]

   AC:        It affects your AC (+8).
 I - an amulet of the acrobat (around neck)
 M - a +4 ring of evasion
Wands
 z - a wand of polymorph (22)
 D - a wand of flame (101)
 H - a wand of iceblast (52)
 Q - a wand of digging (11)
 S - a wand of paralysis (13)
 W - a wand of mindburst (14)
 X - a wand of charming (11)
Scrolls
 c - 5 scrolls of silence
 g - 3 scrolls of teleportation
 n - 6 scrolls of fog
 u - 5 scrolls of blinking
 G - 8 scrolls of amnesia
 L - 5 scrolls of fear
 N - 3 scrolls of magic mapping
 T - 14 scrolls of identify
Potions
 d - 4 potions of attraction
 k - 3 potions of mutation
 s - 8 potions of lignification
 F - 2 potions of brilliance
 K - 2 potions of cancellation
 O - a potion of magic
 V - a potion of invisibility
 Z - 2 potions of curing
Miscellaneous
 t - a phantom mirror
 J - a phantom mirror
 Y - a condenser vane


   Skills:
 + Level 17.4 Fighting
 - Level 23.7 Axes
 + Level 16.7 Armour
 - Level 10.0 Dodging
 - Level 15.0 Shields
 - Level 9.9 Spellcasting
 - Level 15.9 Invocations
 - Level 7.7 Evocations


You had 40 spell levels left.
You didn't know any spells.
Your spell library contained the following spells:

 Spells                   Type           Power      Damage    Failure   Level
 Animate Skeleton         Necr           8%         N/A       65%         1
 Apportation              Tloc           8%         N/A       65%         1
 Corona                   Hex            4%         N/A       65%         1
 Freeze                   Ice            16%        1d4       65%         1
 Magic Dart               Conj           16%        1d3       65%         1
 Sandblast                Erth           8%         2d5       65%         1
 Summon Small Mammal      Summ           16%        N/A       65%         1
 Ensorcelled Hibernation  Hex/Ice        8%         N/A       78%         2
 Passwall                 Tmut/Erth      3%         N/A       78%         2
 Searing Ray              Conj           8%         3d3       78%         2
 Slow                     Hex            4%         N/A       78%         2
 Confusing Touch          Hex            4%         N/A       95%         3
 Frozen Ramparts          Ice            8%         1d2       95%         3
 Gell's Gravitas          Tloc           2%         N/A       95%         3
 Spider Form              Tmut/Pois      2%         N/A       95%         3
 Stone Arrow              Conj/Erth      8%         3d7       95%         3
 Summon Guardian Golem    Hex/Summ       4%         N/A       95%         3
 Teleport Other           Tloc           4%         N/A       95%         3
 Fulminant Prism          Conj/Hex       2%         3d6       100%        4
 Hailstorm                Conj/Ice       4%         3d4       100%        4
 Passage of Golubria      Tloc           N/A        N/A       100%        4
 Summon Lightning Spire   Summ/Air       4%         N/A       100%        4
 Blade Hands              Tmut           2%         N/A       100%        5
 Bolt of Magma            Conj/Fire/Erth 2%         4d4       100%        5
 Borgnjor's Vile Clutch   Necr/Erth      2%         N/A       100%        5
 Irradiate                Conj/Tmut      2%         3d14      100%        5
 Iskenderun's Battlesphe  Conj           4%         2d6       100%        5
 Lee's Rapid Deconstruct  Erth           2%         3d5*      100%        5
 Silence                  Hex/Air        2%         N/A       100%        5
 Yara's Violent Unravell  Hex/Tmut       2%         3d3       100%        5
 Dispersal                Tloc           2%         N/A       100%        6
 Iron Shot                Conj/Erth      2%         9d2       100%        6
 Shadow Creatures         Summ           N/A        N/A       100%        6
 Statue Form              Tmut/Erth      2%         N/A       100%        6
 Dragon Form              Tmut           2%         N/A       100%        7
 Spellforged Servitor     Conj/Summ      2%         N/A       100%        7
 Storm Form               Tmut/Air       2%         N/A       100%        7
 Lehudib's Crystal Spear  Conj/Erth      2%         10d2      100%        8
 Maxwell's Capacitive Co  Air            2%         ∞         100%        8


Dungeon Overview and Level Annotations

Branches:
Dungeon (15/15)            Temple (1/1) D:7            Lair (6/6) D:11
  Swamp (4/4) Lair:3       Spider (4/4) Lair:3        Slime (0/5) Lair:6
    Orc (2/2) D:11            Elf (0/3) Orc:2        Vaults (5/5) D:13
  Crypt (0/3) Vaults:3     Depths (4/5) D:15         Bailey (visited)
Gauntlet (visited)

Altars:
Cheibriados
Dithmenos
Fedhas
Gozag
Hepliaklqana
Kikubaaqudgha
Makhleb
Nemelex Xobeh
Qazlal
Ru
Sif Muna
Trog
Uskayaw
Xom
Yredelemnul
The Shining One
Beogh

Shops:
D:4 (   D:12 *(   Orc:1 (   Orc:2 ([([   Vaults:1 *   Vaults:2 [[[=
Vaults:4 =([?   Depths:2 (:([   Depths:3 =

Portals:
Hell: Depths:1 Depths:2 Depths:3
Abyss: Depths:1 Depths:3
Pandemonium: Depths:1 Depths:3

Annotations:
D:13 1 runed translucent door
D:15 3 runed translucent doors, Kuralita's ghost, journeyman OpTm
Lair:3 3 runed translucent doors, Huasawuy's ghost, journeyman TrWz
Lair:6 Rupert
Vaults:1 3 runed translucent doors, exclusion: obsidian statue, Lolleill's ghost, adept DgTm; Sianeop's ghost, adept GrFi; deprived's ghost, veteran HOFi
Depths:4 Jory


Innate Abilities, Weirdness & Mutations

You are resistant to damage.
You can heal yourself by infusing magical energy.
You resist negative energy. (rN+)
You passively map a large area around you.
You do not regenerate.


Message History

Lightning courses through the iron troll!
The iron troll is moderately wounded.
You hit the iron troll but do no damage.
Lightning courses through the iron troll!
The iron troll is moderately wounded.
The iron troll bites you but does no damage.
The iron troll claws you but does no damage.
You block the iron troll's attack.
You block the spriggan berserker's attack.
You cannot move away from Jory!
You cannot move away from Jory!
You cannot move away from Jory!
You hit Jory.
Jory is lightly damaged.
You hit the iron troll but do no damage.
Lightning courses through the iron troll!
You hit the spriggan berserker. The iron troll bites you!!
* * * LOW HITPOINT WARNING * * *
You block the iron troll's attack. The iron troll claws you.
Jory points at you and mumbles some strange words.
The crystal spear hits you!!
* * * LOW HITPOINT WARNING * * *
You hit Jory but do no damage.
Jory is lightly damaged.
You miss the spriggan berserker.
You hit the iron troll but do no damage.
You block the spriggan berserker's attack.
Jory demonstrates baring his neck.
You block Jory's attack. Jory bites you but does no damage.
You hit Jory but do no damage. You slash the iron troll!
You miss the spriggan berserker.
The spriggan berserker invokes Trog's protection!
You barely miss Jory. You hit the iron troll.
You hit the spriggan berserker but do no damage.
You hit the iron troll but do no damage.
Lightning courses through the iron troll!!
The iron troll closely misses you.
The iron troll claws you but does no damage. x2
Jory hits you with a +6 battleaxe of flaming!!
You die...

##..######(#####'##...
, * *
##..#...............#*
, *
....#...............#
, ,*,,
....#...............#,
,,
#####...............#
, ** ,
.....##+####'#.#...,
**, ..... #......#*, ,
..... #......# , * ,
.... * ,##..T@.# * , ,
* * #..VTi+ ,, #.....#
, *, ,*,, #..##.# , ,,
* * , , #.. #..# , ,
*,, #... ....#* ,* ,,,
, , , #.........#*, *
,, , , **
*#########.i# ,* ** *
, , , ...', ,,


You could see Jory (mesmerising), 2 iron trolls and a spriggan berserker
(regenerating, strong-willed).

Vanquished Creatures
  An ancient lich (Vaults:5)
  A dread lich (Vaults:5)
  2 juggernauts
  A caustic shrike (Depths:2)
  2 golden dragons (Vaults:5)
  3 tentacled monstrosities
  3 liches
  2 titans (Vaults:5)
  2 sphinxes
  A quicksilver dragon (Vaults:5)
  Gastronok (D:9)
  3 storm dragons
  8 tengu reavers
  A thorn hunter (Swamp:4)
  3 shadow dragons
  A fire giant (shapeshifter) (Vaults:5)
  2 deep elf sorcerers
  6 fire giants
  4 ghost moths (Spider:4)
  2 frost giants (Depths:2)
  5 iron dragons
  A caustic shrike zombie (Depths:1)
  3 emperor scorpions (Spider:4)
  21 vault wardens
  An orc warlord (Orc:2)
  2 war gargoyles
  17 ironbound preservers
  30 very ugly things
  17 stone giants
  5 vampire knights
  A deep elf demonologist (Vaults:5)
  A deep elf annihilator (Vaults:5)
  3 dire elephants
  2 entropy weavers
  A bunyip (Swamp:2)
  6 spark wasps
  A minotaur (Gauntlet)
  2 crystal guardians (Vaults:2)
  9 ettins
  2 eleionomae (Swamp:2)
  Snorg (D:12)
  A deep elf death mage (Vaults:5)
  A shambling mangrove (Swamp:3)
  A deep elf high priest (Vaults:5)
  5 fire dragons
  Josephine (Lair:4)
  16 yaktaur captains
  Harold (D:7)
  A hell beast (Depths:1)
  2 rakshasas
  4 ice dragons
  4 peacekeepers
  4 boulder beetles
  19 hydras
  2 spriggan air magi (Depths:2)
  38 vault guards
  10 ironbound thunderhulks
  5 ironbound frosthearts
  Erica (Orc:1)
  8 centaur warriors
  3 alligators
  2 catoblepae
  An ogre mage (D:15)
  2 ghost crabs
  6 deep troll shamans
  9 death yaks
  6 two-headed ogres
  9 tengu warriors
  A hell hog (Depths:1)
  A titan zombie (Depths:1)
  9 deep troll earth magi
  3 ironbound beastmasters
  3 spriggan berserkers
  3 hell knights
  2 soul eaters (Depths:1)
  A fire crab (Gauntlet)
  4 goliath frogs
  2 iron trolls (Depths:1)
  A fire crab (shapeshifter) (D:14)
  2 spriggan druids
  A quicksilver dragon simulacrum (Depths:1)
  2 glowing orange brains
  7 swamp dragons
  3 phantasmal warriors (Vaults:5)
  46 deep trolls
  13 wizards
  3 lindwurms
  A wolf spider zombie (D:15)
  4 necromancers
  18 ironbound convokers
  A tengu zombie (Vaults:1)
  5 harpies (Vaults:1)
  4 orc sorcerers
  Pikel (D:9)
  A deep elf pyromancer (D:12)
  2 deep elf zephyrmancers (D:15)
  7 orc knights
  49 ugly things
  3 stone giant zombies
  11 orb spiders
  A manticore (D:11)
  9 cyclopes
  A human skeleton (Vaults:1)
  6 black mambas
  2 moths of wrath (Spider:4)
  A stone giant skeleton (Depths:1)
  13 wolf spiders
  20 vault sentinels
  A rust devil (Depths:1)
  8 centaur zombies
  A naga mage (D:15)
  9 elephants
  A cane toad (shapeshifter) (Vaults:5)
  3 torpor snails (Spider:4)
  2 eyes of devastation
  4 gargoyles
  2 unseen horrors (D:12)
  2 rime drakes (Lair:4)
  10 cane toads
  An orange demon (Depths:1)
  An unseen horror (shapeshifter) (Vaults:5)
  A hellion (Depths:1)
  A yaktaur (shapeshifter) (Vaults:4)
  9 komodo dragons
  2 kobold demonologists
  4 demonic crawlers
  An efreet (D:13)
  34 yaktaurs
  A tengu conjurer (D:14)
  2 polar bears
  32 jumping spiders
  5 trolls
  3 tyrant leeches
  A meliai (shapeshifter) (Vaults:4)
  A fire dragon zombie (Depths:1)
  8 hornets
  8 blink frogs
  30 slime creatures
  A stone giant simulacrum (Vaults:1)
  5 dream sheep (Lair:6)
  3 centaur simulacra
  47 redbacks
  A shadow (D:11)
  A spriggan zombie (Depths:1)
  An ice dragon skeleton (Depths:1)
  54 yaks
  13 tarantellas
  6 wraiths
  A fire bat (shapeshifter) (Vaults:5)
  2 vampires (D:12)
  16 humans
  A basilisk (shapeshifter) (Vaults:5)
  2 wyverns
  Grum (D:9)
  6 fire bats (Gauntlet)
  A human (shapeshifter) (D:15)
  3 basilisks
  A chaos spawn (Depths:1)
  Eustachio (D:6)
  6 vampire mosquitoes
  2 harpy simulacra (Gauntlet)
  A swamp worm (shapeshifter) (Vaults:4)
  A warg (D:15)
  A swamp worm (Swamp:1)
  Menkaure (D:7)
  3 acid dragons
  2 hell hounds (Gauntlet)
  6 swamp drakes
  15 water moccasins
  A floating eye (Gauntlet)
  34 orc warriors
  A sky beast (D:7)
  A spriggan simulacrum (Depths:1)
  5 ice beasts
  3 black bears
  A hornet zombie (D:9)
  12 wolves
  14 ogres
  21 centaurs
  3 phantoms
  3 kobold brigands
  9 bullfrogs
  7 scorpions
  A water moccasin skeleton (D:4)
  5 killer bees (D:8)
  5 wights (D:8)
  An electric eel (Lair:2)
  A bullfrog zombie (D:6)
  4 hounds
  4 centaur skeletons
  A gnoll shaman (D:4)
  15 orc priests
  A jelly (D:7)
  7 iguanas
  A bullfrog skeleton (D:6)
  25 orc wizards
  7 hell rats (Lair:5)
  2 scorpion zombies (D:5)
  A killer bee zombie (D:8)
  2 hound skeletons
  A howler monkey skeleton (D:7)
  5 gnolls (D:4)
  5 adders
  7 shadow imps
  4 ufetubi
  3 worms
  A dart slug (D:4)
  105 orcs
  2 endoplasms
  4 giant cockroaches
  6 goblins
  7 hobgoblins
  8 kobolds
  4 quokkas
  5 ball pythons (D:2)
  3 bats
  A frilled lizard (D:1)
  4 rats
  5 briar patches (Swamp:4)
1380 creatures vanquished.

Vanquished Creatures (collateral kills)
  A dread lich (Vaults:5)
  A vault warden (Vaults:2)
  2 ironbound preservers
  An ettin (Vaults:5)
  A yaktaur captain (Vaults:2)
  A deep troll (Vaults:5)
  An ironbound convoker (Vaults:2)
  A harpy (Vaults:2)
  4 yaktaurs (Vaults:2)
  2 redbacks (Spider:4)
  A basilisk (Lair:6)
16 creatures vanquished.

Vanquished Creatures (others)
  A wizard (Gauntlet)
  A hornet (Swamp:3)
  A spriggan (Swamp:3)
  A tarantella (Spider:4)
  A briar patch (Swamp:4)
  26 fungi
  46 plants
  4 withered plants (Vaults:1)
81 creatures vanquished.

Grand Total: 1477 creatures vanquished

Notes
Turn   | Place    | Note
-------+----------+-------------------------------------------
     0 | D:1      | Strat the Deep Dwarf Fighter began the quest for the Orb.
     0 | D:1      | Reached XP level 1. HP: 20/20 MP: 1/1
   194 | D:1      | Found a faded altar of an unknown god.
   219 | D:1      | Reached XP level 2. HP: 13/27 MP: 2/2
   745 | D:2      | Reached XP level 3. HP: 11/34 MP: 3/3
  1146 | D:2      | Reached skill level 3 in Axes
  1146 | D:2      | Reached XP level 4. HP: 35/42 MP: 4/4
  1200 | D:3      | Noticed a black bear
  1441 | D:4      | Identified the ring of Ceis Zautoty {rN+ rCorr Dex-4 Slay+4
                  | SInv}
  1462 | D:4      | Noticed a phantom
  1512 | D:3      | Reached XP level 5. HP: 13/49 MP: 5/5
  1602 | D:4      | Killed a phantom
  1651 | D:4      | Noticed an ogre
  1665 | D:4      | Killed an ogre
  1666 | D:4      | Reached skill level 4 in Axes
  1666 | D:4      | Reached XP level 6. HP: 46/57 MP: 4/4
  1691 | D:4      | Found Eskew's Weapon Emporium.
  1739 | D:4      | Found the +4 Cigotuvi's embrace {rMiasma Drain rN+}
  1801 | D:4      | Reached skill level 5 in Armour
  1801 | D:4      | Reached skill level 5 in Shields
  1891 | D:4      | Reached XP level 7. HP: 47/64 MP: 4/4
  1965 | D:4      | Identified the +1 robe "Ciddea" {Regen+ Str+3 Int+4}
  2029 | D:5      | Entered Level 5 of the Dungeon
  2076 | D:5      | Reached skill level 5 in Axes
  2126 | D:5      | Noticed a yak
  2126 | D:5      | Noticed a yak
  2127 | D:5      | Noticed a yak
  2321 | D:5      | Reached skill level 5 in Fighting
  2321 | D:5      | Reached XP level 8. HP: 36/74 MP: 4/4
  2536 | D:5      | Reached skill level 6 in Axes
  2881 | D:6      | Gained mutation: You passively map the area around you.
                  | [Deep Dwarf growth]
  2881 | D:6      | Reached XP level 9. HP: 58/82 MP: 5/5
  2928 | D:6      | Noticed Eustachio
  2948 | D:6      | Killed Eustachio
  3072 | D:6      | Reached skill level 7 in Axes
  3298 | D:7      | Noticed Menkaure
  3303 | D:7      | Killed Menkaure
  3324 | D:7      | Found a staircase to the Ecumenical Temple.
  3339 | Temple   | Entered the Ecumenical Temple
  3502 | Temple   | Became a worshipper of Makhleb the Destroyer
  4392 | D:8      | Reached skill level 8 in Axes
  4591 | D:8      | Reached * piety under Makhleb
  4859 | D:9      | Reached skill level 9 in Axes
  4872 | D:9      | Noticed Gastronok
  4977 | D:9      | Noticed a two-headed ogre
  4990 | D:8      | Reached XP level 10. HP: 39/92 MP: 6/6
  4991 | D:8      | Killed a two-headed ogre
  4992 | D:8      | Reached skill level 10 in Axes
  5267 | D:9      | Noticed a tengu warrior
  5271 | D:9      | Noticed a gargoyle
  5277 | D:9      | Killed a tengu warrior
  5277 | D:9      | Noticed Pikel
  5278 | D:9      | Reached skill level 11 in Axes
  5300 | D:9      | Noticed Grum
  5315 | D:9      | Killed Pikel
  5316 | D:9      | Reached skill level 12 in Axes
  5330 | D:9      | Killed Grum
  5337 | D:9      | Reached ** piety under Makhleb
  5344 | D:9      | Killed a gargoyle
  5347 | D:9      | Reached skill level 13 in Axes
  5410 | D:9      | Reached XP level 11. HP: 71/99 MP: 5/5
  5601 | D:10     | Entered Level 10 of the Dungeon
  5657 | D:10     | Found a sacrificial altar of Ru.
  5927 | D:10     | Reached skill level 14 in Axes
  6097 | D:11     | Paralysed by a hornet for 1 turns
  6317 | D:11     | Found a staircase to the Orcish Mines.
  6358 | D:11     | Found a staircase to the Lair.
  6428 | Lair:1   | Entered Level 1 of the Lair of Beasts
  6438 | Lair:1   | Reached *** piety under Makhleb
  6621 | Lair:1   | Reached skill level 1 in Invocations
  6631 | Lair:1   | Reached XP level 12. HP: 71/111 MP: 4/6
  6774 | Lair:1   | Reached skill level 10 in Armour
  6856 | Lair:1   | Identified a scroll of acquirement
  6856 | Lair:1   | Acquired a +2 broad axe of electrocution
  7438 | Lair:2   | Noticed a catoblepas
  7464 | Lair:2   | Killed a catoblepas
  7465 | Lair:2   | Reached skill level 15 in Axes
  7528 | Lair:2   | Found a gate leading to a gauntlet.
  7897 | Gauntlet | Entered a Gauntlet
  7897 | Gauntlet | Found a transporter.
  7897 | Gauntlet | Found a runed translucent door.
  7898 | Gauntlet | Found a runed translucent door.
  7904 | Gauntlet | Found a transporter.
  7907 | Gauntlet | Found a transporter.
  7908 | Gauntlet | Found a transporter.
  7917 | Gauntlet | Found a transporter.
  7919 | Gauntlet | Found a transporter.
  7920 | Gauntlet | Found a transporter.
  7998 | Gauntlet | Found a transporter.
  7998 | Gauntlet | Found a transporter.
  7998 | Gauntlet | Found a transporter.
  8001 | Gauntlet | Paralysed by a floating eye for 3 turns
  8009 | Gauntlet | Paralysed by a floating eye for 4 turns
  8019 | Gauntlet | Paralysed by a floating eye for 2 turns
  8080 | Gauntlet | Found a transporter.
  8082 | Gauntlet | Found a transporter.
  8082 | Gauntlet | Found a transporter.
  8089 | Gauntlet | Reached skill level 5 in Invocations
  8110 | Gauntlet | Found a transporter.
  8116 | Gauntlet | Reached **** piety under Makhleb
  8166 | Gauntlet | Noticed a minotaur
  8173 | Gauntlet | Killed a minotaur
  8183 | Gauntlet | Identified the +11 trident of Cheibriados's Reproof {flame,
                  | rPois Will+ Stlth-}
  8229 | Lair:3   | Found a runed translucent gate.
  8229 | Lair:3   | Found a runed translucent gate.
  8230 | Lair:3   | Found a runed translucent gate.
  8320 | Lair:3   | Found a hole to the Spider Nest.
  8351 | Spider:1 | Entered Level 1 of the Spider Nest
  8439 | Spider:1 | Reached XP level 13. HP: 95/121 MP: 10/10
  8511 | Spider:1 | Reached skill level 10 in Shields
  8660 | Spider:4 | Entered Level 4 of the Spider Nest
  8672 | Spider:4 | Reached ***** piety under Makhleb
  8673 | Spider:4 | Reached skill level 10 in Fighting
  8760 | Spider:4 | Reached skill level 16 in Axes
  9035 | Spider:4 | Reached skill level 10 in Invocations
  9566 | Spider:4 | Gained mutation: You resist negative energy. (rN+) [Deep
                  | Dwarf growth]
  9566 | Spider:4 | Reached XP level 14. HP: 81/132 MP: 13/13
  9604 | Spider:4 | Paralysed by a hornet for 1 turns
  9632 | Spider:4 | Noticed an emperor scorpion
  9640 | Spider:4 | Noticed a ghost moth
  9643 | Spider:4 | Noticed a ghost moth
  9644 | Spider:4 | Noticed a ghost moth
  9663 | Spider:4 | Reached skill level 17 in Axes
  9673 | Spider:4 | Killed an emperor scorpion
  9677 | Spider:4 | Killed a ghost moth
  9682 | Spider:4 | Killed a ghost moth
  9685 | Spider:4 | Killed a ghost moth
  9807 | Spider:4 | Noticed an emperor scorpion
  9814 | Spider:4 | Noticed a ghost moth
  9827 | Spider:4 | Killed a ghost moth
  9833 | Spider:4 | Reached ****** piety under Makhleb
  9835 | Spider:4 | Killed an emperor scorpion
  9837 | Spider:4 | Noticed an emperor scorpion
  9854 | Spider:4 | Killed an emperor scorpion
  9999 | Spider:4 | Got a gossamer rune of Zot
 10187 | Lair:3   | Found a staircase to the Swamp.
 10214 | Lair:3   | Identified the +0 scale mail of a sewer {Rampage rF- Dex+5}
 10345 | Lair:4   | Reached skill level 18 in Axes
 11030 | Lair:5   | Reached XP level 15. HP: 114/140 MP: 15/15
 11165 | Lair:6   | Entered Level 6 of the Lair of Beasts
 11302 | Lair:6   | Noticed Rupert
 11732 | Lair:6   | Found a staircase to the Slime Pits.
 11816 | Lair:4   | Noticed Josephine
 11830 | Lair:4   | Killed Josephine
 11897 | Swamp:1  | Entered Level 1 of the Swamp
 11963 | Swamp:1  | Reached skill level 15 in Shields
 11972 | Swamp:1  | Reached skill level 1 in Evocations
 12106 | Swamp:3  | Identified the +7 ring mail of the Original Sin {+Blink
                  | Regen+ MP+9}
 12152 | Swamp:4  | Entered Level 4 of the Swamp
 12442 | Swamp:4  | Noticed a thorn hunter
 12464 | Swamp:3  | Reached XP level 16. HP: 112/152 MP: 14/14
 12508 | Swamp:3  | Reached skill level 5 in Evocations
 12530 | Swamp:4  | Killed a thorn hunter
 12707 | Swamp:4  | Got a decaying rune of Zot
 12860 | Orc:1    | Entered Level 1 of the Orcish Mines
 12926 | Orc:1    | Found a flagged portal.
 12930 | Orc:1    | Noticed Erica
 12937 | Orc:1    | Killed Erica
 12942 | Bailey   | Entered a bailey
 13146 | Bailey   | Identified the +1 pair of gloves of the Eternal Fruit {Harm
                  | rN+ Regen+ Str-2}
 13309 | Orc:1    | Found Vatautrihe's Weapon Shoppe.
 13404 | Orc:2    | Entered Level 2 of the Orcish Mines
 13452 | Orc:2    | Found Zoluoday's Antique Armour Shoppe.
 13670 | Orc:2    | Found Kocw's Antique Weapon Emporium.
 13829 | Orc:2    | Found Vierch's Antique Armour Shop.
 13833 | Orc:2    | Found Ziras's Antique Weapon Boutique.
 13839 | Orc:2    | Bought a runed kite shield for 187 gold pieces
 14203 | D:12     | Found Oshrygei's Pet Rocks.
 14229 | D:12     | Noticed Snorg
 14242 | D:12     | Killed Snorg
 14297 | D:12     | Found Qanas's Antique Weapon Emporium.
 14324 | D:12     | Bought a crude executioner's axe for 555 gold pieces
 14324 | D:12     | Identified the +8 executioner's axe of Faetwur {vorpal,
                  | rC+} (You bought it in a shop on level 12 of the Dungeon)
 14349 | D:13     | Found a gate to the Vaults.
 14373 | D:13     | Found a runed translucent door.
 14426 | Vaults:1 | Entered Level 1 of the Vaults
 14732 | Vaults:1 | Reached skill level 19 in Axes
 14855 | Vaults:1 | Reached XP level 17. HP: 74/162 MP: 13/13
 15069 | Vaults:1 | Found Zeopase's General Store.
 15086 | Vaults:1 | Bought a scroll of teleportation for 36 gold pieces
 15156 | Vaults:1 | Reached skill level 20 in Axes
 15264 | Vaults:1 | Found a runed translucent gate.
 15264 | Vaults:1 | Found a runed translucent gate.
 15265 | Vaults:1 | Found a runed translucent gate.
 15266 | Vaults:1 | Noticed deprived's ghost (veteran HOFi)
 15266 | Vaults:1 | Noticed Lolleill's ghost (adept DgTm)
 15266 | Vaults:1 | Noticed Sianeop's ghost (adept GrFi)
 15635 | Vaults:2 | Reached skill level 21 in Axes
 15802 | Vaults:2 | Found an opulent altar of Gozag.
 15802 | Vaults:2 | Found Gozag's Antique Armour Emporium.
 15839 | Vaults:2 | Found Gozag's Antique Armour Shoppe.
 15842 | Vaults:2 | Found Gozag's Antique Armour Shoppe.
 16189 | Vaults:2 | Reached skill level 22 in Axes
 16197 | Vaults:2 | Gained mutation: You passively map a large area around you.
                  | [Deep Dwarf growth]
 16197 | Vaults:2 | Reached XP level 18. HP: 98/169 MP: 11/11
 16758 | Vaults:2 | Found Plog's Jewellery Emporium.
 16782 | Vaults:2 | Bought the amulet of Diatuenuaf {rF+ Regen+ Stlth+} for 514
                  | gold pieces
 17173 | Vaults:3 | Reached skill level 23 in Axes
 17470 | Vaults:3 | Identified the +12 rapier of Tortfeasance {flame, rPois}
 18042 | Vaults:2 | Bought a bloodstained plate armour for 2800 gold pieces
 18042 | Vaults:2 | Identified the +4 plate armour of Idynyips {Harm rPois
                  | Dex+2} (You bought it in a shop on level 2 of the Vaults)
 18198 | Vaults:3 | Reached skill level 1 in Dodging
 18963 | Vaults:3 | Found a staircase to the Crypt.
 18963 | Vaults:3 | Found an ancient bone altar of Kikubaaqudgha.
 18964 | Vaults:3 | Found a basalt altar of Yredelemnul.
 19546 | Vaults:4 | Reached XP level 19. HP: 81/177 MP: 4/4
 19729 | Vaults:4 | Reached skill level 5 in Dodging
 19791 | Vaults:4 | Found Fuwidiw's Jewellery Emporium.
 19792 | Vaults:4 | Found Vepnenam's Weapon Shoppe.
 19955 | Vaults:4 | Found Iklogew's Antique Armour Shop.
 19978 | Vaults:4 | Noticed a golden dragon
 19981 | Vaults:4 | Found Foec's Magic Scroll Boutique.
 20007 | Vaults:4 | Bought a scroll of teleportation for 45 gold pieces
 20007 | Vaults:4 | Bought a scroll of teleportation for 45 gold pieces
 20007 | Vaults:4 | Bought a scroll of fog for 30 gold pieces
 20654 | Vaults:4 | Bought a pair of faintly glowing gloves for 266 gold pieces
 20654 | Vaults:4 | Identified the +1 pair of gloves of the Stag {Drain Fly rF+
                  | rC+} (You bought it in a shop on level 4 of the Vaults)
 20818 | Vaults:5 | Entered Level 5 of the Vaults
 21222 | Vaults:5 | Noticed an ancient lich
 21311 | Vaults:5 | Killed an ancient lich
 21346 | Vaults:5 | Reached XP level 20. HP: 157/190 MP: 3/3
 21355 | Vaults:5 | Noticed a dread lich
 21470 | Vaults:5 | Identified the ring of Vysof {rElec rF+ rN+ Int-3}
 21491 | Vaults:5 | Noticed a golden dragon
 21650 | Vaults:5 | Got Cufesk's Collected Works on Displaced Stones
 21727 | Vaults:5 | Noticed a golden dragon
 21741 | Vaults:5 | Killed a golden dragon
 21742 | Vaults:5 | Reached skill level 10 in Dodging
 21763 | Vaults:5 | Killed a dread lich
 21864 | Vaults:5 | Reached skill level 15 in Armour
 21986 | Vaults:5 | Noticed a golden dragon
 22099 | Vaults:5 | Killed a golden dragon
 22100 | Vaults:5 | Reached skill level 15 in Invocations
 22189 | Vaults:5 | Acquired 588 gold pieces
 22258 | Vaults:5 | Identified the +3 quarterstaff of Cowardice {freeze, Dex+3}
 22330 | Vaults:5 | Reached skill level 15 in Fighting
 22688 | D:4      | Identified the +4 ring mail "Ihadohu" {-Cast rPois Regen+}
 22818 | D:7      | Noticed Harold
 22827 | D:7      | Killed Harold
 22985 | D:9      | Killed Gastronok
 23218 | D:11     | Found a shimmering blue altar of Sif Muna.
 23984 | Lair:3   | Noticed Huasawuy's ghost (journeyman TrWz)
 25228 | Orc:2    | Found a staircase to the Elven Halls.
 25676 | Vaults:5 | Noticed a dread lich
 25701 | Vaults:5 | Killed a dread lich
 25790 | Vaults:5 | Got a silver rune of Zot
 26247 | D:13     | Identified the +6 shortbow "Xudohui" {speed, *Corrode
                  | Dex+7}
 26825 | D:14     | Reached skill level 1 in Spellcasting
 27513 | D:14     | Identified the +1 scale mail of Mosm {rPois}
 27881 | D:15     | Entered Level 15 of the Dungeon
 27918 | D:15     | Identified the +1 ring mail "Seercheme" {*Corrode Fly
                  | Dex+2}
 28016 | D:15     | Reached XP level 21. HP: 183/201 MP: 1/1
 28065 | D:15     | Found a staircase to the Depths.
 28083 | D:15     | Found a shadowy altar of Dithmenos.
 28219 | D:15     | Found a runed translucent gate.
 28220 | D:15     | Found a runed translucent gate.
 28221 | D:15     | Found a runed translucent gate.
 28222 | D:15     | Noticed Kuralita's ghost (journeyman OpTm)
 28698 | Depths:1 | Entered Level 1 of the Depths
 28767 | Depths:1 | Found a one-way gate leading to the halls of Pandemonium.
 28825 | Depths:1 | Reached skill level 5 in Spellcasting
 29103 | Depths:1 | Found a basalt altar of Yredelemnul.
 29269 | Depths:1 | Found a one-way gate to the infinite horrors of the Abyss.
 29331 | Depths:1 | Found a gateway to Hell.
 29590 | Depths:1 | Found a gateway to a ziggurat.
 29629 | Zig:1    | Entered Level 1 of a ziggurat
 29913 | Depths:2 | Found Vathi's Armour Shoppe.
 29913 | Depths:2 | Found Wodate's Weapon Emporium.
 29915 | Depths:2 | Found Harid's Weapon Shoppe.
 29916 | Depths:2 | Found Xaemmuza's Book Emporium.
 30415 | Depths:2 | Noticed a caustic shrike
 30417 | Depths:2 | Found the ring of the Octopus King
 30431 | Depths:2 | Killed a caustic shrike
 30474 | Depths:2 | Identified a ring of the Octopus King {Fly AC+1 EV+1 Str+1
                  | Int+1 Dex+1}
 30567 | Depths:2 | Found a stormy altar of Qazlal.
 30750 | Depths:3 | Noticed a juggernaut
 30786 | Depths:3 | Noticed a juggernaut
 30793 | Depths:2 | Killed a juggernaut
 31024 | Depths:3 | Reached XP level 22. HP: 85/214 MP: 2/2
 31065 | Depths:3 | HP: 7/214 [poisoned by a green very ugly thing]
 31104 | Depths:3 | Identified the ring of Viwyl {Fly rPois Stlth+}
 31390 | Depths:3 | Identified the +8 rapier of Foixky {flame, *Corrode rElec
                  | rN+}
 31466 | Depths:3 | Got the Grimoire of Creation and the Rocks
 32071 | Depths:3 | Killed a juggernaut
 32129 | Depths:3 | Found Covaqep's Jewellery Emporium.
 32136 | Depths:3 | Bought the ring of the Tortoise {AC+8} for 1280 gold pieces
 32136 | Depths:3 | Found the ring of the Tortoise {AC+8}
 32280 | Depths:4 | Noticed a caustic shrike
 32282 | Depths:4 | Noticed a caustic shrike
 32374 | Depths:4 | Noticed Jory
 32388 | Depths:4 | HP: 5/218 [Jory/crystal spear (32)]
 32391 | Depths:4 | Demolished by Jory

Illustrated notes

Levels and vault maps discovered:
D:1:      dpeg_arrival_morbid_curiosity, layout_basic,
          ebering_ecumenical_altar_webs
D:2:      layout_loops_ring, serial_bayou_lagoon_a, small_statue_intersection
D:3:      layout_rooms
D:4:      layout_rooms, serial_shops, nicolae_diamond_shop
D:5:      layout_rooms, minmay_misc_feat_chi
D:6:      layout_cave_pools, uniq_eustachio
D:7:      cheibrodos_two_vegetables, layout_basic,
          minmay_temple_entry_gardened_gates, serial_glass, glass_columns_b,
          glass_columns_b, glass_columns_a, glass_columns_a, glass_columns_a,
          glass_columns_b, uniq_harold, uniq_menkaure
D:8:      layout_loops_cross
D:9:      cheibrodos_barr_body, layout_rooms, minmay_misc_feat_cross, uniq_grum,
          uniq_pikel, uniq_gastronok
D:10:     layout_roguey, old_standard_altar
D:11:     layout_roguey, david_lair_generic, david_orc_4,
          nicolae_sif_muna_condensation
D:12:     layout_rooms, serial_shops, shop, guppyfry_shop_earth, uniq_snorg
D:13:     layout_roguey, david_vaults_3, lightli_airlock
D:14:     layout_grid_maze, grunt_decor_cap, drop_trap, hangedman_decor_lopped
D:15:     grunt_enter_depths_magical_seal, layout_long_grid,
          nicolae_dithmenos_the_darkroom, gammafunk_ghost_hydra_chop
Temple:   roderic_octagonal_lattice_temple
Lair:1:   layout_hall_layers, grunt_megastairs_2, serial_bayou_shore_a
Lair:2:   layout_cave_shapes, serial_forest, infiniplex_forest_clump_medium,
          infiniplex_forest_straight_3, infiniplex_forest_clump_small,
          infiniplex_forest_clump_medium, infiniplex_forest_end_1,
          gauntlet_entry_generic, fungi_pond_lemuel
Lair:3:   layout_chaotic_city, minmay_swamp_entry_reptiles,
          nicolae_spider_entry_non_spiders, gammafunk_ghost_necromancy
Lair:4:   layout_regular_city, uniq_josephine
Lair:5:   layout_cave_shapes, grunt_megastairs_5
Lair:6:   grunt_lair_end_beastmaster, layout_hall_layers,
          dpeg_slime_entry_corner, eino_small_chamber_without_monster,
          minmay_lair_oklob_chamber, uniq_rupert
Swamp:1:  layout_basic_swamp, portal_ice_cave_entry_pillars_1,
          evilmike_swamp_ruin_house_2
Swamp:2:  layout_basic_swamp, infiniplex_staircase_pool
Swamp:3:  layout_falls_marsh, evilmike_swamp_ruin_house_6
Swamp:4:  swamp, layout_basic_swamp
Spider:1: layout_spider_delve, amcnicky_altar_lugonu_corruption,
          hangedman_spider_tarantella_strand
Spider:2: layout_spider_delve, beargit_elvish_explorers, uniq_arachne
Spider:3: layout_chambers, nicolae_spider_orb_run
Spider:4: johnstein_spider_rune_arachne_lair, nicolae_spider_checkerboard
Orc:1:    layout_caves, enter_bailey_6, serial_shops, nicolae_diamond_shop,
          uniq_erica
Orc:2:    grunt_orc_community_town_hall, layout_caves,
          grunt_orc_community_big_house_2, grunt_orc_community_big_house_1,
          grunt_orc_community_house_2, grunt_orc_community_house_3,
          grunt_orc_community_house_2, grunt_orc_community_house_2
Vaults:1: gammafunk_vaults_ghost_cemetery, v_misc_13,
          hangedman_vaults_river_flow, nicolae_vaults_theta, v_misc_25,
          nicolae_vaults_angled_halls, nicolae_vaults_big_ls,
          nicolae_vaults_statue_guard, ontoclasm_vaults_eye, v_misc_14,
          hangedman_vaults_capsules, vaults_mumra_chevron_long,
          ontoclasm_vaults_loading_screen, layout_vaults_ring, serial_shops,
          nicolae_shop_stone
Vaults:2: vaults_room_stairs_pillars, hangedman_vaults_snaps,
          vaults_mumra_chevron, vaults_dpeg_hooks, nicolae_vaults_what_the_h,
          v_misc_18, nicolae_vaults_big_angled_halls,
          nicolae_vaults_specimen_jars, vaults_dpeg_spiral, v_rooms_1,
          nicolae_vaults_hallways_thing, grunt_vaults_twisty, v_pattern_5,
          kennysheep_vaults_gozag_temple, vaults_room_stairs_pillars,
          layout_vaults_omnibox, serial_shops, shop
Vaults:3: vaults_mumra_lcd, nicolae_vaults_mini_display_case,
          minmay_crypt_entry_necro_gods, v_misc_10,
          ontoclasm_vaults_decontamination, v_misc_18, hangedman_vaults_stagger,
          nicolae_vaults_network_quinsquares
          [nicolae_vaults_network_quincunx_subvault,
          nicolae_vaults_network_quincunx_subvault,
          nicolae_vaults_network_quincunx_subvault,
          nicolae_vaults_network_quincunx_subvault], grunt_vaults_hallway_short,
          nicolae_vaults_little_ls, hangedman_vaults_stream,
          nicolae_vaults_ring_of_whatevers, layout_vaults_big_room
Vaults:4: v_misc_30, ontoclasm_vaults_ring_small, v_alt_pattern_6,
          ontoclasm_vaults_gallery, v_pattern_2, vaults_dpeg_encased_lava,
          v_misc_33, dpeg_vaults_monster_row, vaults_room_pools,
          vaults_room_fours, layout_vaults_omnigrid, serial_shops, shop, shop,
          shop, shop, serial_glass
Vaults:5
Depths:1: layout_forbidden_donut, enter_ziggurat_f, grunt_mini_vestibule,
          rand_demon_pan_entry_7, serial_sigils_hangedman_shear, abyss_entry,
          kennysheep_path_1, lemuel_zombie_altar_yredelemnul
Depths:2: minmay_swirls_squares, layout_honeycomb, hell_entry,
          grunt_qazlal_clouds, minmay_shoptagon, infiniplex_staircase_pool_2
Depths:3: minmay_the_grid_triangle_9x9_recursive_2_mashed
          [minmay_the_grid_triangle_9x9_prize_insulated,
          minmay_the_grid_triangle_9x9_alien,
          minmay_the_grid_triangle_9x9_pentomino_pain,
          minmay_the_grid_triangle_9x9_cache], layout_basic, serial_shops, shop,
          special_room [special_room_magic_class], pan_entry, minmay_holes,
          abyss_entry, grunt_hell_entry_dis_grunt, kennysheep_two_boxes,
          infiniplex_staircase_9_rooms
Depths:4: nzn_winding_woodlands_small [nzn_winding_woodlands_5x15_garden,
          nzn_winding_woodlands_center_pierced_h,
          nzn_winding_woodlands_5x15_lazy_stream], layout_gridville,
          abyss_entry, hangedman_geh_valley, pan_entry, grunt_decor_arrowhead,
          uniq_enchantress, uniq_jory

Skill      XL: |  1  2  3  4  5  6  7  8  9 10 11 12 13 14 15 16 17 18 19 20 21 22 |
---------------+-------------------------------------------------------------------+-----
Fighting       | 3 4 5 6 8 9 10 11 12 14 15 16 17 | 17.4
Axes           | 3 4 5 6 9 13 14 15 16 18 19 22 23 | 23.7
Shields        | 4 5 6 7 8 9 11 14 15 | 15.0
Armour         | 4 5 6 7 8 9 10 11 12 14 15 16 | 16.7
Invocations    | 1 7 10 13 14 15 | 15.9
Evocations     | 4 7 |  7.7
Dodging        | 4 9 10 | 10.0
Spellcasting   | 3 9 |  9.9

Action                   |  1- 3 |  4- 6 |  7- 9 | 10-12 | 13-15 | 16-18 | 19-21 | 22-24 || total
-------------------------+-------+-------+-------+-------+-------+-------+-------+-------++-------
Melee: War axe           |   101 |   129 |   280 |       |       |       |       |       ||   510
       Battleaxe         |       |       |    36 |   338 |       |       |       |       ||   374
       Broad axe         |       |       |       |   144 |   901 |   484 |  1597 |   391 ||  3517
       Executioner's axe |       |       |       |       |       |   702 |       |       ||   702
 Fire: Fustibalus        |       |       |       |     2 |     2 |       |       |       ||     4
Invok: Major Destruction |       |       |       |       |     7 |       |       |       ||     7
       Lesser Servant of |       |       |       |       |     3 |     1 |       |       ||     4
       Greater Servant o |       |       |       |       |       |     3 |     5 |       ||     8
 Abil: Heal Wounds       |     1 |     5 |    18 |    22 |    20 |    66 |    33 |     5 ||   170
Evoke: Wand              |       |       |       |    10 |    13 |     7 |     6 |       ||    36
       Condenser vane    |       |       |       |       |       |     1 |     1 |       ||     2
  Use: Potion            |       |     1 |     1 |     7 |     8 |     9 |    12 |     1 ||    39
       Scroll            |       |     6 |     9 |    10 |     3 |    14 |    12 |     1 ||    55
 Stab: Invisible         |       |       |       |       |    12 |       |     3 |       ||    15
       Petrified         |       |       |       |       |     9 |       |       |       ||     9
       Petrifying        |       |       |       |       |     2 |       |       |       ||     2
       Distracted        |       |       |       |       |       |     1 |     7 |       ||     8
Armor: Scale mail        |    66 |    77 |   167 |       |       |       |       |       ||   310
       Leather armour    |       |       |    88 |   288 |   590 |   531 |       |       ||  1497
       Plate armour      |       |       |       |       |       |    23 |   686 |   157 ||   866
       Ring mail         |       |       |       |       |       |    14 |       |       ||    14
Dodge: Dodged            |    56 |    77 |   240 |   339 |   707 |   750 |   528 |    85 ||  2782
Block: Kite shield       |       |       |    33 |    88 |   727 |   279 |   933 |   186 ||  2246
       Tower shield      |       |       |       |       |       |       |    68 |       ||    68
